 Dungeon Crawl Stone Soup version 0.21.0-26-g889b8f6 (webtiles) character file.

70 JeffiDaFish the Insei (level 4, -1/35 HPs)
             Began as a Draconian Transmuter on Jan 28, 2018.
             Slain by a goblin (6 damage)
             ... led by Robin
             ... on level 2 of the Dungeon.
             The game lasted 00:04:40 (1270 turns).

JeffiDaFish the Insei (Draconian Transmuter)        Turns: 1270, Time: 00:04:41

Health: -1/35      AC:  5    Str: 12    XL:     4   Next: 4%
Magic:  4/16       EV: 11    Int: 14    God:
Gold:   45         SH:  5    Dex: 12    Spells: 5/8 levels left

rFire    . . .     SeeInvis .   g - +0 short sword
rCold    . . .     Gourm    .   j - +2 buckler
rNeg     . . .     Faith    .   (armour unavailable)
rPois    .         Spirit   .   (helmet restricted)
rElec    .         Reflect  .   (no cloak)
rCorr    .         Harm     .   (no gloves)
MR       .....                  (no boots)
Stlth    +.........             (no amulet)
HPRegen  0.11/turn              l - ring of magical power
MPRegen  0.15/turn              (no ring)

@: appendage (expiring), very slightly contaminated
A: unfitting armour, horns 2, cold-blooded, AC +5
a: End Transformation


You were on level 2 of the Dungeon.
You were not hungry.
You had grown temporary horns.
You visited 1 branch of the dungeon, and saw 2 of its levels.

You collected 45 gold pieces.

Inventory:

Hand Weapons
 g - a +0 short sword (weapon)
Missiles
 a - 93 arrows
 i - 47 bolts
Armour
 e - a +0 cloak
 j - a +2 buckler (worn)
Jewellery
 l - a ring of magical power (left hand)
Wands
 k - a wand of acid (3)
Scrolls
 d - 2 scrolls of identify
 h - 2 scrolls of fog
Books
 b - a book of Changes

   Spells                             Type                      Level
   a - Beastly Appendage              Transmutation                1
   b - Sticks to Snakes               Transmutation                2
   c - Spider Form                    Transmutation/Poison         3
   d - Ice Form                       Ice/Transmutation            4
   e - Blade Hands                    Transmutation                5
Comestibles
 c - 4 rations
 f - 4 chunks of flesh


   Skills:
 + Level 1.2 Fighting
 + Level 0.8 Short Blades
 + Level 2.2 Dodging
 + Level 3.8 Unarmed Combat
 + Level 2.5 Spellcasting
 + Level 2.4 Transmutations


You had 5 spell levels left.
You knew the following spells:

 Your Spells              Type           Power        Failure   Level  Hunger
a - Beastly Appendage     Tmut           #.....       14%         1    #......
b - Sticks to Snakes      Tmut           #.......     21%         2    ###....


Dungeon Overview and Level Annotations

Branches:
Dungeon (2/15)

Altars:
Uskayaw

Annotations:
D:2 Robin


Innate Abilities, Weirdness & Mutations

Your plain brown scales are hard. (AC +5)
You cannot fit into any form of body armour.
You are cold-blooded and may be slowed by cold attacks.
You have a pair of horns on your head.


Message History

The goblin barely misses you.
Your ball python bites the goblin but does no damage.
Your ball python constricts the goblin.
The goblin closely misses your ball python.
The goblin hits you.
* * * LOW HITPOINT WARNING * * *
You hit the goblin but do no damage.
Your ball python bites the goblin.
Your ball python constricts the goblin.
The goblin closely misses you. The goblin hits you but does no damage.
The goblin hits you.
* * * LOW HITPOINT WARNING * * *
The goblin hits your ball python with an uncursed dagger.
You hit the goblin but do no damage.
You headbutt the goblin, but do no damage.
You tail-slap the goblin.
The goblin is severely wounded.
Your ball python bites the goblin but does no damage.
Your ball python constricts the goblin.
The goblin dies!
You block the goblin's attack. The goblin misses you. The goblin hits you.
You die...

#..........##
#......### #........#
##.......#.
#[.......##.......#...
#....g......########..
#..##g##..### #...
##..#S##.## #.##
#.......### #.
###gg.....# ..
#g@...#... ####
............... ...#
.....#..#.....# #..
........###....
.######. ......#.#
#... ........
......#.# ### ........
.....!.>. #..#....
....##.. ........
#......


You could see Robin, a hobgoblin, 3 goblins and a friendly ball python.

Vanquished Creatures
  A hound (D:2)
  An adder (D:2)
  2 leopard geckos
  A giant cockroach (D:2)
  4 goblins
  7 hobgoblins
  3 kobolds (D:1)
  5 bats
  A frilled lizard (D:2)
  2 rats
27 creatures vanquished.

Vanquished Creatures (collateral kills)
  2 goblins (D:2)
2 creatures vanquished.

Grand Total: 29 creatures vanquished

Notes
Turn   | Place    | Note
-------+----------+-------------------------------------------
     0 | D:1      | JeffiDaFish the Draconian Transmuter began the quest for the Orb.
     0 | D:1      | Reached XP level 1. HP: 16/16 MP: 3/3
   417 | D:1      | Reached XP level 2. HP: 17/23 MP: 3/5
   440 | D:1      | Learned a level 2 spell: Sticks to Snakes
   854 | D:2      | Reached XP level 3. HP: 9/28 MP: 4/6
  1081 | D:2      | Noticed a dagger
  1083 | D:2      | Noticed a hand axe
  1085 | D:2      | Found a hide-covered altar of Uskayaw.
  1215 | D:2      | Reached XP level 4. HP: 25/35 MP: 7/7
  1252 | D:2      | Noticed Robin
  1270 | D:2      | Slain by a goblin

Skill      XL: |  1  2 |
---------------+-------+-----
Dodging        | 2 |  2.2
Fighting       | |  1.2
Short Blades   | |  0.8
Unarmed Combat | |  3.8
Spellcasting   | |  2.5
Transmutations | |  2.4

Action                   |  1- 3 |  4- 6 || total
-------------------------+-------+-------++-------
Melee: Unarmed           |    25 |       ||    25
       Kick              |    10 |       ||    10
       Tailslap          |     9 |     3 ||    12
       Short sword       |    75 |     7 ||    82
       Headbutt          |     1 |     3 ||     4
 Cast: Beastly Appendage |    18 |     1 ||    19
       Sticks to Snakes  |       |     6 ||     6
  Use: Scroll            |     4 |       ||     4
       Potion            |     2 |       ||     2
  Eat: Chunk             |     1 |     1 ||     2
Armor: Skin              |    36 |     7 ||    43
Dodge: Dodged            |    87 |     8 ||    95
Block: Buckler           |     6 |    11 ||    17
